 Dungeon Crawl Stone Soup version 0.13-a0-2474-g552a472 (webtiles) character file.

14529 Grabo the Basher (level 11, -1/82 HPs)
             Began as a Demonspawn Death Knight on July 18, 2013.
             Was a High Priest of Yredelemnul.
             Slain by a white ugly thing (20 damage)
             ... on Level 13 of the Dungeon.
             The game lasted 00:46:08 (14381 turns).

Grabo the Basher (Demonspawn Death Knight)         Turns: 14381, Time: 00:46:08

HP  -1/82        AC 13     Str 13      XL: 11   Next: 79%
MP  23/23        EV  9     Int 12      God: Yredelemnul [*****.]
Gold 774         SH 23     Dex 20      Spells:  0 memorised, 10 levels left

Res.Fire  : . . .   See Invis. : .   a - +4,+2 whip (elec)
Res.Cold  : . . .   Warding    : .   g - +1 ring mail
Life Prot.: . . .   Conserve   : +   w - +1 large shield
Res.Poison: +       Res.Corr.  : .   N - +0 helmet
Res.Elec. : .       Clarity    : .   I - +0 elf cloak
Sust.Abil.: . .     Spirit.Shd : .   j - +0 pair of gloves
Res.Mut.  : .       Stasis     : .   U - +0 pair of orc boots
Res.Rott. : .       Flight     : .   F - amulet of conservation
Saprovore : . . .                    e - ring of poison resistance
                                     h - +3 ring of dexterity

@: somewhat resistant to hostile enchantments, unstealthy
A: talons 2, conserve scrolls, demonic guardian 1, AC +3
a: Animate Dead, Recall Undead Slaves, Injury Mirror, Drain Life, Enslave Soul,
Renounce Religion


You were on level 13 of the Dungeon.
You worshipped Yredelemnul.
Yredelemnul was extremely pleased with you.
You were not hungry.

You visited 2 branches of the dungeon, and saw 14 of its levels.

You collected 754 gold pieces.

Inventory:

Hand weapons
 a - a +4,+2 whip of electrocution (weapon)
Armour
 g - a +1 ring mail (worn)
 j - a +0 pair of gloves (worn)
 w - a +1 large shield (worn)
 I - a +0 elven cloak (worn)
 N - a +0 helmet (worn)
 U - a +0 pair of orcish boots (worn)
Magical devices
 o - a wand of confusion (0)
 p - a wand of frost (18)
 C - a wand of slowing (7)
 H - a wand of disintegration (7)
 X - a wand of slowing (21)
Comestibles
 c - 7 bread rations
 s - 7 meat rations
 B - 17 cheeses
Scrolls
 f - 3 scrolls of remove curse
 m - 5 scrolls of enchant armour
 q - 5 scrolls of identify
 r - 4 scrolls of teleportation
 S - 3 scrolls of amnesia
Jewellery
 e - a ring of poison resistance (right hand)
 h - a +3 ring of dexterity (left hand)
 n - an uncursed ring of flight
 z - an uncursed ring of wizardry
 F - an amulet of conservation (around neck)
 G - an uncursed amulet of resist mutation
 Q - an uncursed ring of ice
 R - an uncursed amulet of stasis
Potions
 d - 2 potions of speed
 i - 4 potions of curing
 k - a potion of invisibility
 l - 3 potions of berserk rage
 u - a potion of restore abilities
 A - 2 potions of magic
 E - 3 potions of might
 M - 2 potions of agility
 O - a potion of resistance
 T - 2 potions of heal wounds


   Skills:
 + Level 8.2 Fighting
 - Level 13.0 Maces & Flails
 - Level 0.8 Armour
 + Level 7.2 Dodging
 - Level 9.0 Invocations


You had 10 spell levels left.
You didn't know any spells.

Dungeon Overview and Level Annotations

Branches:
Dungeon (13/27)            Temple (1/1) D:4             Orc (0/4) D:11
   Lair: D:8-13

Altars:
Cheibriados
Elyvilon
Fedhas
Makhleb
Nemelex Xobeh
Okawaru
Sif Muna
Trog
Yredelemnul
Zin

Shops:
D:4: + D:8: [% D:9: } D:11: }

Portals:
Trove: D:10 (give manual of Summonings)

Annotations
D:6 exclusion: moth of wrath
D:13 exclusion: centaur


Innate Abilities, Weirdness & Mutations

You have razor-sharp toenails.
You are mostly covered in thin metallic scales (AC +3).
You are very good at protecting items from fire.
A weak demonic guardian rushes to your aid.


Message History

Your flying skull misses the green ugly thing.
You barely miss the green ugly thing.
The green ugly thing is heavily wounded.
Your flying skull hits the green ugly thing!
The green ugly thing pecks your flying skull!
You hit the green ugly thing but do no damage.
The green ugly thing is heavily wounded.
Your flying skull barely misses the green ugly thing.
Unknown command.
You hit the green ugly thing but do no damage.
There is a sudden explosion of sparks!
The green ugly thing is severely wounded.
The green ugly thing misses your flying skull.
You block the green ugly thing's attack.
The white ugly thing kicks you!
* * * LOW HITPOINT WARNING * * *
The white ugly thing freezes you!
One of your 2 potions of invisibility freezes and shatters!
You die...
Your body rises from the dead as a mindless zombie.

... ......#.....##
Pf............#.......
PPPf.........#.........
.P..f.........#.........
Pf.Pf..P.................
Pf..PP..##.....##....(.(.
.Pf.Pf.f###....#.........
ff.f....u##u.....)(.(.....
P.f..f..u@zW..............
.P.PfP...#zz..............
fP.f.P..#z..)............
ffP......z...............
Pf.....................##
..P.......<.....##..###
...............#....
.....>............
...............


You could see 3 ugly things, a friendly freezing wraith, 2 friendly flying
skulls, 2 friendly kobold zombies and a friendly big kobold zombie.

Vanquished Creatures
  Fannar (D:10)
  A swamp dragon (shapeshifter) (D:13)
  4 hill giants
  Maurice (D:10)
  A two-headed ogre (D:10)
  A slime creature (D:12)
  An ugly thing (D:13)
  A yak (D:13)
  A wyvern (D:8)
  4 hippogriffs
  A vampire (D:13)
  Eustachio (D:5)
  A steam dragon (D:11)
  2 vampire mosquitoes (D:12)
  A neqoxec (D:10)
  A soldier ant (D:11)
  7 centaurs
  3 wolves (D:10)
  8 phantoms
  2 ice beasts
  A sky beast (D:11)
  An orc warrior (D:6)
  A crocodile (D:11)
  3 ogres
  2 wargs (D:11)
  Duvessa (D:4)
  4 brain worms (D:10)
  Blork the orc (D:5)
  8 giant frogs
  2 manticore zombies
  A hippogriff zombie (D:9)
  15 wights
  4 killer bees (D:11)
  Dowan (D:4)
  8 crimson imps
  2 goliath beetles
  4 hounds
  A giant frog skeleton (D:6)
  2 centaur skeletons (D:10)
  6 quasits
  A soldier ant zombie (D:8)
  3 orc priests
  5 scorpions
  An iguana (D:4)
  3 orc wizards (D:6)
  4 worker ants
  An orange rat (D:7)
  Ijyb (D:5)
  A jelly (D:7)
  2 hound skeletons
  A lemure (D:5)
  10 adders
  5 green rats
  An inept feature mimic (D:6)
  A white imp (D:10)
  3 worms
  An ufetubus (D:10)
  An adder skeleton (D:9)
  4 grey rats (D:7)
  A giant eyeball (D:4)
  7 giant geckos
  2 oozes
  20 orcs
  18 bats
  14 goblins
  18 hobgoblins
  6 jackals
  24 kobolds
  2 quokkas (D:2)
  3 giant cockroaches
  A giant gecko zombie (D:5)
  7 giant newts
  3 giant spores
  A gnoll skeleton (D:5)
  A hobgoblin skeleton (D:4)
  A kobold skeleton (D:5)
  29 rats
  A rat zombie (D:8)
  4 ballistomycetes
323 creatures vanquished.

Vanquished Creatures (collateral kills)
  Erolcha (D:8)
  2 hill giants
  A troll (D:10)
  4 slime creatures (D:12)
  Prince Ribbit (D:6)
  A two-headed ogre (D:9)
  A vampire mosquito (D:12)
  Grum (D:10)
  An ugly thing (D:13)
  An orc warrior (D:11)
  2 ice beasts
  A sky beast (D:10)
  A centaur (D:13)
  A crocodile (D:13)
  2 ogres
  A jelly (D:5)
  2 giant frogs
  A big kobold (D:13)
  2 wights
  A hippogriff zombie (D:13)
  A crimson imp (D:8)
  A goliath beetle (D:13)
  An adder (D:8)
  5 orcs
  A hobgoblin (D:3)
  A jackal (D:9)
  2 bats
  A giant newt (D:3)
  A goblin (D:7)
  A rat (D:7)
43 creatures vanquished.

Vanquished Creatures (others)
  A flying skull (D:13)
  A human zombie (D:5)
  An elf zombie (D:10)
  A centaur zombie (D:10)
  3 crimson imps
  8 iron imps
  A two-headed ogre zombie (D:10)
  A warg zombie (D:11)
  2 brain worm zombies (D:10)
  2 mummies
  11 lemures
  10 white imps
  10 ufetubi
  A bat skeleton (D:6)
  A quokka (D:4)
  A kobold zombie (D:6)
  8 orc zombies
  A plant (D:13)
64 creatures vanquished.

Grand Total: 430 creatures vanquished

Notes
Turn   | Place    | Note
--------------------------------------------------------------
     0 | D:1      | Grabo, the Demonspawn Death Knight, began the quest for the Orb.
     0 | D:1      | Reached XP level 1. HP: 16/16 MP: 2/2
   370 | D:1      | Reached skill level 4 in Invocations
   407 | D:1      | Gained mutation: You are very good at protecting items from fire. [demonic ancestry]
   407 | D:1      | Reached XP level 2. HP: 17/22 MP: 4/4
   986 | D:2      | Reached XP level 3. HP: 17/27 MP: 6/6
   997 | D:2      | Acquired Yredelemnul's second power
  1542 | D:2      | Found a bloodstained altar of Trog.
  2208 | D:3      | Gained mutation: You are partially covered in thin metallic scales (AC +2). [demonic ancestry]
  2208 | D:3      | Reached XP level 4. HP: 30/34 MP: 8/8
  2273 | D:3      | Found a deep blue altar of Sif Muna.
  2356 | D:3      | Found a blossoming altar of Fedhas.
  2741 | D:3      | Acquired Yredelemnul's third power
  2858 | D:4      | Found Oseas' Book Boutique.
  2866 | D:4      | Noticed Duvessa
  2866 | D:4      | Noticed Dowan
  3181 | D:4      | Killed Duvessa
  3181 | D:4      | Reached skill level 5 in Invocations
  3181 | D:4      | Gained mutation: You are mostly covered in thin metallic scales (AC +3). [demonic ancestry]
  3181 | D:4      | Reached XP level 5. HP: 35/39 MP: 10/10
  3401 | D:4      | Killed Dowan
  3600 | D:4      | Found a white marble altar of Elyvilon.
  3613 | D:4      | Noticed a phantom
  3665 | D:4      | Killed a phantom
  3665 | D:4      | Reached skill level 5 in Maces & Flails
  3665 | D:4      | Reached skill level 6 in Invocations
  3665 | D:4      | Gained mutation: You have sharp toenails. [demonic ancestry]
  3665 | D:4      | Reached XP level 6. HP: 25/45 MP: 11/13
  3741 | D:4      | Found a snail-covered altar of Cheibriados.
  3915 | D:4      | Noticed an ogre
  3925 | D:4      | Killed an ogre
  4282 | D:4      | Paralysed by a giant eyeball for 4 turns
  4286 | D:4      | Found a staircase to the Ecumenical Temple.
  4307 | D:4      | Reached XP level 7. HP: 34/50 MP: 15/15
  4345 | Temple   | Entered the Ecumenical Temple
  4474 | D:5      | Entered Level 5 of the Dungeon
  4587 | D:5      | Found a glowing silver altar of Zin.
  4718 | D:5      | Found an iron altar of Okawaru.
  4794 | D:5      | Noticed Blork the orc
  4803 | D:5      | Killed Blork the orc
  4803 | D:5      | Reached skill level 7 in Invocations
  4804 | D:5      | Noticed Ijyb
  4814 | D:5      | Killed Ijyb
  4845 | D:5      | Noticed Eustachio
  4863 | D:5      | Killed Eustachio
  5234 | D:5      | Found a burning altar of Makhleb.
  5486 | D:5      | Gained mutation: A weak demonic guardian rushes to your aid. [demonic ancestry]
  5486 | D:5      | Reached XP level 8. HP: 47/57 MP: 16/18
  5619 | D:6      | Reached skill level 8 in Invocations
  5926 | D:6      | Acquired Yredelemnul's fourth power
  6013 | D:6      | Noticed a moth of wrath
  6026 | D:6      | Found a bloodstained altar of Trog.
  6280 | D:6      | Noticed Prince Ribbit
  6582 | D:6      | Killed Prince Ribbit
  6720 | D:6      | Reached skill level 9 in Invocations
  7420 | D:8      | Found Throinaire's Food Shop.
  7449 | D:8      | Found Blanaijaw's Armour Shoppe.
  7486 | D:8      | Gained mutation: You have razor-sharp toenails. [demonic ancestry]
  7486 | D:8      | Reached XP level 9. HP: 28/62 MP: 21/21
  7786 | D:8      | Found a basalt altar of Yredelemnul.
  7831 | D:8      | Found a sparkling altar of Nemelex Xobeh.
  8036 | D:8      | Noticed Erolcha
  8047 | D:8      | Killed Erolcha
  8047 | D:8      | Reached skill level 10 in Maces & Flails
  8817 | D:9      | Reached skill level 11 in Maces & Flails
  9090 | D:9      | Acquired Yredelemnul's fifth power
  9426 | D:9      | Reached XP level 10. HP: 57/68 MP: 22/22
  9498 | D:9      | Found Udwoi's Gadget Boutique.
  9559 | D:10     | Entered Level 10 of the Dungeon
  9577 | D:10     | Reached skill level 12 in Maces & Flails
  9631 | D:10     | Noticed Fannar
  9689 | D:10     | Killed Fannar
 10128 | D:10     | Found a portal to a secret trove of treasure.
 10212 | D:10     | Your ally Fannar died
 10216 | D:10     | Received a gift from Yredelemnul
 10609 | D:10     | Noticed Grum
 10626 | D:10     | Killed Grum
 10891 | D:10     | Reached skill level 13 in Maces & Flails
 10950 | D:10     | Reached skill level 1 in Dodging
 11158 | D:10     | Noticed Maurice
 11178 | D:10     | Noticed a hill giant
 11208 | D:10     | Killed a hill giant
 11234 | D:10     | Killed Maurice
 11430 | D:10     | Noticed a hill giant
 11443 | D:10     | Killed a hill giant
 11601 | D:11     | Noticed a hill giant
 11619 | D:11     | Killed a hill giant
 11958 | D:11     | Reached XP level 11. HP: 68/77 MP: 23/23
 11963 | D:11     | Reached skill level 5 in Fighting
 12080 | D:11     | Received a gift from Yredelemnul
 12371 | D:11     | Found Suagoz's Gadget Shop.
 12614 | D:11     | Received a gift from Yredelemnul
 12651 | D:11     | Found a staircase to the Orcish Mines.
 12663 | D:11     | Reached skill level 5 in Dodging
 12758 | D:11     | Noticed a hill giant
 12764 | D:11     | Killed a hill giant
 13824 | D:12     | Noticed a hill giant
 13832 | D:12     | Killed a hill giant
 14149 | D:13     | Received a gift from Yredelemnul
 14316 | D:13     | Noticed a hill giant
 14324 | D:13     | Killed a hill giant
 14335 | D:13     | Noticed a swamp dragon
 14335 | D:13     | a wind drake changed into a swamp dragon
 14348 | D:13     | Killed a swamp dragon
 14365 | D:13     | Received a gift from Yredelemnul
 14381 | D:13     | Slain by a white ugly thing

Action                   |  1- 3 |  4- 6 |  7- 9 | 10-12 || total
-------------------------+-------+-------+-------+-------++-------
Melee: Mace              |    43 |       |       |       ||    43
       Whip              |   158 |   151 |   432 |   541 ||  1282
       Unarmed           |       |       |     6 |       ||     6
 Fire: Sling             |       |    10 |    17 |       ||    27
Throw: Hand axe          |     1 |       |       |       ||     1
       Stone             |       |     4 |     2 |     5 ||    11
Invok: Animate Remains   |     1 |     7 |       |       ||     8
       Animate Dead      |       |       |    10 |    10 ||    20
Evoke: Wand              |       |       |    16 |    13 ||    29
       Deck              |       |       |     2 |       ||     2
  Use: Scroll            |     1 |    15 |    14 |     6 ||    36
       Potion            |       |     1 |     1 |     2 ||     4
 Stab: Distracted        |       |       |     2 |     5 ||     7
